Cogmind - Beta 16 --- EXPLORER MODE // 2025.11.25 @ 17:04:50 Player: K.K.Y. Result: Destroyed by FT-2U7(R) with Subdweller Laser Performance ------------- Evolutions (0) 0 Regions Visited (3) 600 Robots Destroyed (22) 110 Value Destroyed (449) 449 Prototype IDs (1) 20 Alien Tech Used (0) 0 Bonus (30) 30 TOTAL SCORE: 1209 Bonus ------- Follower Combat Kills 30 Cogmind --------- Core Integrity 0/250 Matter 280/300 Energy 149/160 System Corruption 3% Temperature Cool (6) Movement Hovering (77) Location -10/Subcaves Parts ------- > --- POWER (1) -------- Light Nuclear Core > --- PROPULSION (2) --- Combat Airjet Combat Airjet > --- UTILITY (3) ------ Improved Heat Sink Small Storage Unit Structural Scanner > --- WEAPON (2) ------- Particle Gun Barrage Gun > --- INVENTORY (8) ---- Spiked Treads Humpback Improved Terrain Scanner Scrap Shield Heavy Riot Gun Subdweller Beam Cannon Peak State ------------ > --- POWER ------------ Light Nuclear Core > --- PROPULSION ------- Combat Airjet Combat Airjet > --- UTILITY ---------- Improved Heat Sink Small Storage Unit Structural Scanner > --- WEAPON ----------- Particle Gun Barrage Gun > --- INVENTORY -------- Spiked Treads Large Storage Unit Improved Terrain Scanner Scrap Shield [Rating: 24] Favorites ----------- Power Ion Engine Engine Ion Engine Power Core Light Nuclear Core Propulsion Combat Airjet Treads Light Treads Leg Aluminum Leg Hover Unit Combat Airjet Flight Unit Flight Unit Utility Small Storage Unit Device Structural Scanner Storage Small Storage Unit Processor Machine Analyzer Weapon Small Laser Energy Gun Small Laser Energy Cannon Beam Cannon Ballistic Gun Barrage Gun Special Weapon Mining Laser Build | -11 -10 -10 -10 ------- Run | Yrd Mat Min Sub Slots Evolved 1 | . 1 . . Power . | . . . . Propulsion . | . . . . Utility 1 | . 1 . . Weapon . | . . . . Parts Attached 25 | 9 5 7 4 Power 3 | 1 . 1 1 Engine 2 | 1 . 1 . Core 1 | . . . 1 Reactor . | . . . . Propulsion 10 | 4 4 2 . Treads 2 | 2 . . . Leg 2 | 2 . . . Wheel . | . . . . Hover 4 | . 2 2 . Flight 2 | . 2 . . Utility 6 | 2 1 2 1 Device 3 | 1 . 1 1 Storage 2 | 1 1 . . Processor 1 | . . 1 . Hackware . | . . . . Protection . | . . . . Artifact . | . . . . Weapon 6 | 2 . 2 2 Energy Gun 3 | 2 . . 1 Energy Cannon 1 | . . 1 . Ballistic Gun 1 | . . . 1 Ballistic Cannon . | . . . . Launcher . | . . . . Special Weapon 1 | . . 1 . Impact Weapon . | . . . . Slashing Weapon . | . . . . Piercing Weapon . | . . . . Special Melee Weapon . | . . . . Unidentified Prototypes 1 | . . 1 . Parts Lost 6 | . . 2 4 Power 2 | . . 1 1 Propulsion . | . . . . Utility 2 | . . 1 1 Weapon 2 | . . . 2 Highest Loss Streak 2 | . . 1 2 To Critical Strikes . | . . . . Average Backups 6 | 2 6 6 6 Power . | . . . . Propulsion 2 | 1 3 2 1 Utility 2 | . 2 2 3 Weapon . | . . . 1 Tool/Special . | . . . . Unused Backups 12 | . 4 . 8 Power . | . . . . Propulsion 2 | . 1 . 1 Utility 8 | . 3 . 5 Weapon 2 | . . . 2 Tool/Special . | . . . . Average Slot Usage (%) 81 | . 85 67 87 Engine 5 | . 12 5 1 Core 3 | . . . 8 Leg 6 | . 22 . . Hover 16 | . . 21 25 Flight 1 | . 1 3 . Device 14 | . 12 9 20 Storage 11 | . 11 10 12 Energy Gun 11 | . 25 2 8 Energy Cannon 4 | . . 10 3 Ballistic Gun 2 | . . . 6 Special Weapon 1 | . . 2 1 Peak Build Rating 24 | 7 9 23 24 Average Rating 16 | 3 7 17 22 On Entrance 9 | . 7 6 23 Avg Prop Armor Cover (%) . | . . . . Naked Turns . | . . . . Heaviest Build 18 | 18 18 13 18 Greatest Support 40 | 40 20 24 24 Greatest Overweight (x) 5 | 5 4 2 . Average Overweight (x) . | . . . . Largest Inventory Capacity 10 | 10 10 8 8 Average Capacity 8 | 8 9 7 8 Most Carried 10 | 6 10 8 8 Average Carried 6 | 2 6 6 6 Final Capacity 10 | 10 5 8 8 Final Carried 8 | 2 5 6 8 Class Distribution -------------------- 71% | Hacker-Mutant 28% | Scavenger-Mutant Dominant Class ---------------- Hacker-Mutant | -10/Materials Hacker-Mutant | -10/Mines Scavenger-Mutant | -10/Subcaves Resources | -11 -10 -10 -10 ----------- Run | Yrd Mat Min Sub Matter Collected 673 | 108 272 84 209 Remotely . | . . . . Salvage Created 637 | . 415 86 136 Parts 40 | . 21 11 8 Haulers Intercepted 1 | . 1 . . Recyclers Shooed . | . . . . Parts Field Recycled . | . . . . Retrieved Matter . | . . . . Parts Self-Destructed . | . . . . Prevented . | . . . . Parts Restored . | . . . . Kills | -11 -10 -10 -10 ------- Run | Yrd Mat Min Sub Combat Hostiles Destroyed 19 | . 8 7 4 Guns 15 | . 8 4 3 Cannons 4 | . . 3 1 Classes Destroyed 9 | . 6 2 1 Tunneler 1 | . . 1 . Hauler 1 | . 1 . . Recycler 1 | . 1 . . Mechanic 1 | . 1 . . Watcher 2 | . 2 . . Swarmer 8 | . 4 4 . Grunt 4 | . 4 . . Subdweller 4 | . . . 4 Assembled 3 | . . 3 . Best Kill Streak 3 | . 3 2 1 Combat Bots Only 3 | . 3 2 1 Max Kills in Single Turn 2 | . 1 2 1 Gunslinging 1 | . . 1 . Exploded . | . . . . Melee . | . . . . Uniques/NPCs Destroyed . | . . . . Combat | -11 -10 -10 -10 -------- Run | Yrd Mat Min Sub Hostile Shots Fired 133 | . 44 34 55 Missed 45 | . 16 14 15 Hits 88 | . 28 20 40 Melee 1 | . . 1 . Projectile 87 | . 28 19 40 AOE 2 | . . 2 . Critical Strikes 1 | . . . 1 Part Disruptions 1 | . . 1 . Damage Taken 967 | . 180 220 567 Core 252 | . 27 55 170 Absorbed by Shields . | . . . . Ignored by Resistances 557 | . 117 107 333 Core Remaining (%) 100 | 100 . . . Volleys Fired 124 | . 38 33 53 Largest 2 | . 2 2 2 Hottest 160 | . 80 160 160 Shots Fired 211 | . 76 40 95 Gun 167 | . 76 12 79 Cannon 27 | . . 15 12 Launcher . | . . . . Special 17 | . . 13 4 Kinetic 37 | . . . 37 Thermal 174 | . 76 40 58 Explosive . | . . . . Electromagnetic . | . . . . Robot Hit Streak 27 | . 10 9 27 Robot Miss Streak 2 | . 2 1 2 Penetration Max . | . . . . Secondary Targets 4 | . 2 1 1 Max Gunslinging Chain 1 | . 1 1 1 Shots Hit Robots 106 | . 56 20 30 Core Hits 41 | . 23 8 10 Critical Kills . | . . . . Critical Parts Destroyed . | . . . . Critical Strikes . | . . . . Melee Attacks . | . . . . Impact . | . . . . Slashing . | . . . . Piercing . | . . . . Sneak Attacks . | . . . . Combat Hostiles . | . . . . Follow-up Attacks . | . . . . Damage Inflicted 1463 | . 640 289 534 Guns 1023 | . 633 115 275 Cannons 385 | . . 174 211 Explosions . | . . . . Melee . | . . . . Ramming 7 | . 7 . . Kinetic 148 | . . . 148 Thermal 1308 | . 633 289 386 Explosive . | . . . . Electromagnetic . | . . . . Impact . | . . . . Slashing . | . . . . Piercing . | . . . . Highest Corruption 3 | . . 3 3 Average Corruption 3 | . . 3 3 Corruption Purged . | . . . . Corruption Blocked . | . . . . Effects 26 | . . 11 15 Message Errors 7 | . . 4 3 Matter Fused 6 | . . 1 5 Heat Flow Errors 3 | . . 2 1 Energy Discharges 3 | . . 1 2 Data Loss (minor) 2 | . . 2 . Data Loss (major) 1 | . . . 1 Misfires 2 | . . . 2 Alerts 2 | . . 1 1 Overload Shots . | . . . . Overflow Damage 1 | . . 1 . Projectiles 1 | . . 1 . Explosions . | . . . . Melee . | . . . . Knockbacks . | . . . . Impact . | . . . . Kinetic . | . . . . Secondary . | . . . . Self-Inflicted Damage . | . . . . Shots . | . . . . Rammed . | . . . . Targets Rammed 1 | . 1 . . Kicked 1 | . 1 . . Crushed . | . . . . Highest Temperature 227 | . 159 182 227 Average Temperature 52 | . 42 52 118 Received Heat Transfer 446 | . 123 40 283 Siege Activations . | . . . . Martial Activations . | . . . . Shielding Activations . | . . . . Robots Disrupted . | . . . . Combat Hostiles . | . . . . Robots Corrupted . | . . . . Combat Hostiles . | . . . . Parts Fried . | . . . . Impact Corruptions . | . . . . Robots Melted . | . . . . Combat Hostiles . | . . . . Parts Melted 4 | . 4 . . Heat Transferred 2885 | . 1425 620 840 Parts Sabotaged . | . . . . Parts Stolen . | . . . . Parts Stripped . | . . . . Power Chain Reactions . | . . . . Alert | -11 -10 -10 -10 ------- Run | Yrd Mat Min Sub Maximum Alert Level . | . . . . Low Security (%) 100 | 100 100 100 . Level 1 . | . . . . Level 2 . | . . . . Level 3 . | . . . . Level 4 . | . . . . Level 5 . | . . . . High Security . | . . . . Max Security . | . . . . Peak Influence 115 | . 115 75 . Initial 4 | . . 4 . Average 12 | . 20 5 . Influence Increases 386 | . 281 105 . Destroy 0b10 Robot/C 240 | . 160 80 . Destroy 0b10 Robot/NC 30 | . 25 5 . Destroy Leader 56 | . 36 20 . Partial Spotted 15 | . 15 . . Lose Combat Pursuer 45 | . 45 . . Influence Decreases 386 | . 266 120 . Entered New Map 11 | . . 11 . Time Decay 355 | . 266 89 . Lost Part 20 | . . 20 . Squads Dispatched . | . . . . Investigation . | . . . . Extermination . | . . . . Reinforcement . | . . . . Assault . | . . . . Garrison . | . . . . Intercept . | . . . . Searches Triggered . | . . . . Construction Impeded . | . . . . Haulers Reinforced . | . . . . Active Scanning Responses . | . . . . Cargo Convoy Interrupts . | . . . . Stealth | -11 -10 -10 -10 --------- Run | Yrd Mat Min Sub Distress Signals . | . . . . Communications Jammed . | . . . . Distress Signals . | . . . . Times Spotted 44 | . 16 21 7 Peak Tracking Total 21 | . 4 21 2 Tactical Retreats 2 | . 1 1 . Traps | -11 -10 -10 -10 ------- Run | Yrd Mat Min Sub Traps Triggered . | . . . . Indirectly . | . . . . Trap Hack Attempts . | . . . . Triggered . | . . . . Disarmed . | . . . . Reprogrammed . | . . . . Reused . | . . . . Traps Extracted . | . . . . Installed . | . . . . Triggered . | . . . . Machines | -11 -10 -10 -10 ---------- Run | Yrd Mat Min Sub Machines Disabled . | . . . . Max in Single Turn . | . . . . Machines Repaired . | . . . . Machines Dismantled . | . . . . Machines Sabotaged . | . . . . Overloaded Fab Kills . | . . . . Hacking | -11 -10 -10 -10 --------- Run | Yrd Mat Min Sub Machines Accessed 3 | . 1 . 2 Terminals . | . . . . Fabricators . | . . . . Repair Stations . | . . . . Recycling Units 1 | . 1 . . Scanalyzers . | . . . . Garrison Access . | . . . . Total Hacks 4 | . 1 . 3 Successful 4 | . 1 . 3 Failed . | . . . . Catastrophic . | . . . . Database Lockouts . | . . . . Manual . | . . . . Terminals . | . . . . Fabricators . | . . . . Repair Stations . | . . . . Recycling Units 1 | . 1 . . Scanalyzers . | . . . . Garrison Access . | . . . . Terminal Hacks 3 | . . . 3 Record 1 | . . . 1 Open Door 1 | . . . 1 Release Object 1 | . . . 1 Fabricator Hacks . | . . . . Repair Station Hacks . | . . . . Recycling Unit Hacks 1 | . 1 . . Report Inventory 1 | . 1 . . Scanalyzer . | . . . . Garrison Access Hacks . | . . . . Unauthorized Hacks . | . . . . Terminals . | . . . . Fabricators . | . . . . Repair Stations . | . . . . Recycling Units . | . . . . Scanalyzers . | . . . . Garrison Access . | . . . . Data Cores Recovered . | . . . . Used . | . . . . Hacking Detections . | . . . . Full Trace Events . | . . . . Feedback Events . | . . . . Feedback Blocked . | . . . . Robot Schematics Acquired . | . . . . Robots Built . | . . . . Authchips . | . . . . Time . | . . . . Total Robot Build Rating . | . . . . Part Schematics Acquired . | . . . . Parts Built . | . . . . Authchips . | . . . . Time . | . . . . Total Part Build Rating . | . . . . Part Studies Acquired . | . . . . Parts Repaired . | . . . . Time . | . . . . Parts Recycled . | . . . . Recycled Matter . | . . . . Retrieved Matter . | . . . . Retrieved Components . | . . . . Parts Scanalyzed . | . . . . Part Schematics Acquired . | . . . . Parts Damaged . | . . . . Bothacking | -11 -10 -10 -10 ------------ Run | Yrd Mat Min Sub Used RIF Installer . | . . . . Robots Hacked . | . . . . Non-combat . | . . . . Combat . | . . . . Robot Hacks Applied . | . . . . Relay Couplers Released . | . . . . Fabnet Peak Effective % . | . . . . Robots Rewired . | . . . . Allies Hacked . | . . . . Hacks Repelled . | . . . . Allies | -11 -10 -10 -10 -------- Run | Yrd Mat Min Sub Total Allies 3 | . . 3 . Largest Group 3 | . . 3 3 Highest-Rated Group 40 | . . 40 40 Highest-Rated Ally 16 | . . 16 16 Total Orders . | . . . . Ally Attacks 21 | . . . 21 Total Damage 269 | . . . 269 Kills 2 | . . . 2 Allies Corrupted . | . . . . Allies Melted . | . . . . Intel | -11 -10 -10 -10 ------- Run | Yrd Mat Min Sub Active Infowar (turns) 2652 | 55 816 670 1111 Sensors 904 | . . 554 350 Structural 1726 | 55 816 94 761 Machine Analysis 26 | . . 26 . Robot Analysis Total . | . . . . Derelict Logs Recovered 1 | . . . 1 Drone Launches . | . . . . Drone Recoveries . | . . . . Exploration | -11 -10 -10 -10 ------------- Run | Yrd Mat Min Sub Turns Passed 2824 | 76 816 795 1137 Spaces Moved 2524 | 45 638 775 1066 Core 31 | 27 2 2 . Treads 5 | 5 . . . Legs 506 | 13 493 . . Wheels . | . . . . Hover 1677 | . 12 599 1066 Flight 305 | . 131 174 . Fastest Speed 37 | 50 37 37 77 Average Speed 81 | 110 102 68 77 Slowest Speed 300 | 300 250 150 77 Overloaded Moves . | . . . . Propulsion Burnouts . | . . . . Robots Hopped 3 | . 3 . . Potential Cave-ins . | . . . . Cave-ins Triggered 1 | . . 1 . Exploration Rate (%) 56 | 5 72 90 60 Regions Visited 3 Branch Regions 2 Pre-discovered Areas 1 | . . . 1 Known Exits Taken 3 | 1 1 1 . Unknown Exits Taken . | . . . . Scrap Searched 8 | . . . 8 Spaces Dug 5 | . . 5 . Terrain Destroyed 5 | . . 5 . Melee . | . . . . Projectile 5 | . . 5 . AOE . | . . . . Terrain Rammed . | . . . . Walls Destroyed . | . . . . Machines Disabled . | . . . . Actions | -11 -10 -10 -10 --------- Run | Yrd Mat Min Sub Total 3066 | 73 727 977 1289 Wait 325 | 5 18 151 151 Move 2515 | 44 631 774 1066 Hop 3 | . 3 . . Pick Up 36 | 9 12 6 9 Fast Attach 4 | . 3 . 1 Attach 27 | 11 4 8 4 Detach 13 | 4 6 3 . Swap . | . . . . Drop 18 | . 11 2 5 Fire 124 | . 38 33 53 Melee . | . . . . Ram . | . . . . Kick 1 | . 1 . . Crush . | . . . . Escape Stasis . | . . . . Rewire . | . . . . Trap . | . . . . Miscellaneous . | . . . . Route ------- -11/Scrapyard -10/Materials (discovered 5 exits: *Mat x3 / *Min / *Sub) -10/Mines (discovered 2 exits: *Mat / *Sub) -10/Subcaves (discovered 2 exits: *Mat / [Scr]) History --------- Turn | Location | Event 2 | -11/Scrapyard | Met Revision 17 4 | -11/Scrapyard | Identified exit to Materials 4 | -11/Scrapyard | Discovered exit to Materials (range 16) 77 | -11/Scrapyard | Entered Materials 77 | -10/Materials | Evolved 1 slot: Utility x1 145 | -10/Materials | Identified exit to Mines 145 | -10/Materials | Discovered exit to Mines (range 7) 192 | -10/Materials | Identified exit to Materials 192 | -10/Materials | Discovered exit to Materials (range 3) 311 | -10/Materials | Build established: Hacker-Mutant 424 | -10/Materials | Discovered exit to Materials (range 4) 639 | -10/Materials | Discovered exit to Materials (range 16) 874 | -10/Materials | Identified exit to Subcaves 874 | -10/Materials | Discovered exit to Subcaves (range 9) 893 | -10/Materials | Entered Mines 920 | -10/Mines | Assembled infested the area 925 | -10/Mines | Assisted by a Guerilla fighting off Assembled 1009 | -10/Mines | Crushed by falling debris 1059 | -10/Mines | Discovered exit to Materials (range 5) 1067 | -10/Mines | Assisted by bots powering up and referring to "LRC-V3" 1132 | -10/Mines | Found a damaged Exp. Sensor Array with a note attached 1133 | -10/Mines | Found Prototype Device 1134 | -10/Mines | Identified Exp. Sensor Array 1673 | -10/Mines | Discovered exit to Subcaves (range 3) 1688 | -10/Mines | Entered Subcaves 1688 | -10/Subcaves | Accompanied by 3 allies 1689 | -10/Subcaves | Approached by a straggling Scientist 1981 | -10/Subcaves | Core integrity fell below 50% 2031 | -10/Subcaves | Core integrity fell below 20% 2155 | -10/Subcaves | Identified exit to Materials 2155 | -10/Subcaves | Discovered exit to Materials (range 7) 2195 | -10/Subcaves | Shifting Twisted Machinery released Battle Cannon 2202 | -10/Subcaves | Shifting Twisted Machinery released Sub. Monowheel 2210 | -10/Subcaves | Scientist uncovered a shortcut to Scraptown 2335 | -10/Subcaves | Build established: Scavenger-Mutant 2395 | -10/Subcaves | Shifting Twisted Machinery released Sub. Beam Cannon 2408 | -10/Subcaves | Shifting Twisted Machinery released Sub. Optics 2694 | -10/Subcaves | Learned location of 2 exits from Materials 2727 | -10/Subcaves | Learned location of Zion (-7) 2727 | -10/Subcaves | Met a Zionite searching for "candidates" 2825 | -10/Subcaves | Destroyed by FT-2U7(R) with Subdweller Laser Last Messages --------------- 02595_ Dropped Lrg. Storage Unit. 02595_ Acquired Humpback. 02596_ Acquired 68 matter. 02599_ Acquired 52 matter. 02605_ System corrupted: Energy discharge (-49). 02646_ Acquired 5 matter. 02694_ Acquired derelict log, extracted data. Data stored: Materials exits (x2). 02695_ JZ-2Y7(z): "She is not going to be happy we haven't found any suitable candidates yet." 02714_ System corrupted: FCS attempts to trigger Particle Gun. 02714_ System corrupted: Particle Gun misfires. 02727_ JZ-2Y7(z): "Hey you! It's really dangerous down here, I feel that you could die at any moment. For your health and safety might I suggest a trip to Zion?" World map updated: -7/Zion. 02825_ Z4-YHI(R) destroyed. 02825_ Switching to secondary target: FT-2U7(R). Map ----- +----------------------------------------------------+ | ?????????????????????????????????????????????????? | | ?????????????????????????????????????????????????? | | ?????????????????????????????????????????????????? | | ?????????????????????????????????????????????????? | | ?????????????????????????????????????????????????? | | ?????????????????????????????????????????????????? | | ?????????????????????????????????????????????????? | | ?????????????????????????????????????????????????? | | ?????????????????????????????????????????????????? | | ?????????????????????????????????????????????????? | | ?????????????????????????????????????????????????? | | ?????????????????????????????????????????????????? | | ?????????????????????????????????????????????????? | | ?????????????????????????????????????????????????? | | ?????????????????????????????????????????????????? | | ?????????????????????????????????????????????????? | | ?????????????????????????????????????????????????? | | ????????????????????????????????????###??????????? | | ????????????????????????????????????###??????????? | | ??????????????????????????????????? ##??????????? | | ?????????????????????????????????? ##??????????? | | ?######??#######???########????? ##??????????? | | ############################??? ??????????????? | | ### ###### ####### ## ? ##??????????????? | | ## ## ;## ###??????????????? | | ## @!# ##???????????????? | | # ## &%& ###???????????????? | | ### R; ##???????????????? | | ##### ### # ##???????????????? | | ###### ### #### ###??????????????? | | ##?### #### #### ##??????????????? | | ## ##??####### ####???? ##??????????????? | | #### ##??#############?????###??????????????? | | ########???????#######?????? ##??????????????? | | ########?????????????????????????????????????? | | ###??????????????????????????????????????????? | | ###??????????????????????????????????????????? | | ###?????????????????????????????????????????? | | ## ##?????????????????????????????????????????? | | ### ##?????????????????????????????????????????? | | #######???#######???????????????????????????????? | | ########???##########????????????????????????????? | | ###????###### ######???????????????????????????? | | #????######## # #####?????????????????????????? | | ####?#### ## ####?????????????????????????? | | ####### ##?????????????????????????? | | ##### ####?????????????????????????? | | ####????####?????????????????? | | ###??????######???????????????? | | ### #####??????## ####??????????????? | +----------------------------------------------------+ Best States ------------- Heat Dissipation 39 Energy Generation 14 Energy Capacity 250 Matter Stores 300 Matter Capacity 300 Sight Range 16 Robot Scan Range 20 Terrain Scan Density 10 Resistance: KI 35 Resistance: TH 35 Resistance: EX 35 Resistance: EM 35 Resistance: I 35 Resistance: S 35 Resistance: P 35 Evasion (%) 62 Recoil Reduction 2 Offensive Hacking 20 Item Schematics ----------------- None Robot Schematics ------------------ None Fabricated ------------ Nothing Repaired ---------- Nothing Studied --------- None Alien Tech Used ----------------- None Achievements -------------- None Challenges ------------ None Game ------ Seed DecoyInsulatedDatajack Manual? 0 Play Time 00:19:12 Cumulative 144.7 hours Start 2025.11.25 @ 16:46:39 End 2025.11.25 @ 17:04:50 Sessions 1 Manual Loads 0 Difficulty Explorer Special Mode None Game No. 174 Rogue 0 Adventurer 0 Explorer 174 Win Type - Total 0 Types 0/0/0/0/0/0/0/0/0/0 Lore% 69 Gallery% 66 Achievement% 52 Wizard Run 0 Options --------- Layout 1 ASCII 0 Keyboard 0 Movement Mouse Keybinds 0 Fullscreen 1 Font 24/Smallcaps Map View 50x35 Zoom Use 0% Tactical HUD 1 Map Filters NONE Filters NONE Steam 1 RUN: 9dfd5034-71ab-4e10-bb28-1e5b7dbcc636